 Dungeon Crawl Stone Soup version 0.20.0-15-g7f486f2 (webtiles) character file.

261 miragecloak the Magician (level 5, 0/28 HPs)
             Began as a Deep Elf Conjurer on June 23, 2017.
             Was an Initiate of Vehumet.
             Slain by Sigmund
             ... wielding a +0 scythe
              (10 damage)
             ... on level 4 of the Dungeon.
             The game lasted 00:05:39 (4552 turns).

miragecloak the Magician (Deep Elf Conjurer)        Turns: 4552, Time: 00:05:40

Health: 0/28       AC:  2    Str:  5    XL:     5   Next: 96%
Magic:  16/16      EV: 13    Int: 21    God:    Vehumet [......]
Gold:   136        SH:  0    Dex: 15    Spells: 10/17 levels left

rFire    . . .     SeeInvis .   u - +1 dagger (speed)
rCold    . . .     Gourm    .   (no shield)
rNeg     . . .     Faith    .   a - +0 robe
rPois    .         Spirit   .   (no helmet)
rElec    .         Reflect  .   (no cloak)
rCorr    .         Harm     .   (no gloves)
MR       .....                  (no boots)
Stlth    ++........             (no amulet)
Regen    0.1/turn               (no ring)
MPRegen  0.2/turn               (no ring)

@: no status effects
A: no striking features
a: Renounce Religion


You were on level 4 of the Dungeon.
You worshipped Vehumet.
Vehumet was noncommittal.
You were not hungry.

You visited 1 branch of the dungeon, and saw 4 of its levels.

You collected 136 gold pieces.

Inventory:

Hand Weapons
 u - a +1 dagger of speed (weapon)
Armour
 a - a +0 robe (worn)
 f - a +0 buckler
Jewellery
 t - a +3 ring of strength {unknown}
Scrolls
 e - 2 scrolls of teleportation {unknown}
 i - a scroll of blinking {unknown}
 l - 2 scrolls of remove curse {unknown}
 o - a scroll of immolation {unknown}
 p - a scroll of amnesia {unknown}
Potions
 d - a potion of brilliance {unknown}
 g - a potion of heal wounds {unknown}
 h - a potion of berserk rage {unknown}
 j - 4 potions of curing {unknown}
 m - a potion of lignification {unknown}
 n - a potion of cancellation {unknown}
 q - 2 potions of magic {unknown}
 r - a potion of flight {unknown}
Books
 b - a book of Conjurations

   Spells                             Type                      Level
   a - Magic Dart                     Conjuration                  1
   b - Searing Ray                    Conjuration                  2
   c - Dazzling Spray                 Conjuration/Hexes            3
   d - Fulminant Prism                Conjuration/Hexes            4
   e - Force Lance                    Conjuration/Translocation    4
   f - Iskenderun's Mystic Blast      Conjuration                  4
Comestibles
 c - 2 bread rations
 k - 3 meat rations


   Skills:
 - Level 2.4 Dodging
 - Level 2.4 Stealth
 + Level 6.5 Spellcasting
 + Level 6.2 Conjurations


You had 10 spell levels left.
You knew the following spells:

 Your Spells              Type           Power        Failure   Level  Hunger
a - Magic Dart            Conj           ####         1%          1    None
b - Searing Ray           Conj           ####..       1%          2    None
c - Iskenderun's Mystic   Conj           ####....     7%          4    ###....


Dungeon Overview and Level Annotations

Branches:
Dungeon (4/15)
 Temple: D:4-7

Altars:
Cheibriados
Elyvilon
Fedhas
Hepliaklqana
Kikubaaqudgha
Makhleb
Vehumet

Annotations:
D:4 Sigmund


Message History

Found 5 stones.
The centaur skeleton closely misses you.
The centaur skeleton closely misses you.
The centaur skeleton closely misses you.
A crimson imp comes into view.
The centaur skeleton hits you.
An orc comes into view. It is wielding a hand axe.
Found 11 gold pieces.
An orc comes into view. It is wielding a whip.
The orc shouts!
An orc comes into view. It is wielding a club.
The centaur skeleton closely misses you.
Something hits you but does no damage. The centaur skeleton hits you!
Something hits you.
You miss something. The centaur skeleton hits you.
You hit something. The centaur skeleton barely misses you.
Something barely misses you.
Found a club.
Something hits you!
You die...

##.######..##......#...#.(#
#.<# ##.......#.....##....
#### #......#####..###..#.
#....#....## #..##..###
#..####.....####.#..## #..#
#.............# ##.
##..#####......# #
####...######.....##..
#....@Z...####.......#
#.....##...o......#...##
#....# #.#####...## .##
#... #.# #.$## 5 ... #..
#..# .. #.. ...# . #...
..... ..)...oo... .......


You could see an orc and a centaur skeleton.

Vanquished Creatures
  2 orc wizards (D:3)
  2 orc priests (D:3)
  5 adders
  An ooze (D:2)
  An adder zombie (D:3)
  3 worms
  2 dart slugs (D:1)
  7 orcs (D:3)
  4 giant cockroaches
  13 goblins
  9 hobgoblins
  4 kobolds
  A quokka (D:2)
  2 ball pythons
  11 bats
  A frilled lizard (D:2)
  5 rats
73 creatures vanquished.

Notes
Turn   | Place    | Note
-------+----------+-------------------------------------------
     0 | D:1      | miragecloak the Deep Elf Conjurer began the quest for the Orb.
     0 | D:1      | Reached XP level 1. HP: 10/10 MP: 6/6
   395 | D:1      | Reached XP level 2. HP: 15/15 MP: 4/8
   399 | D:1      | Learned a level 2 spell: Searing Ray
  1333 | D:2      | Reached XP level 3. HP: 19/19 MP: 7/10
  1587 | D:2      | Reached skill level 5 in Conjurations
  2399 | D:2      | Found a white marble altar of Elyvilon.
  2404 | D:2      | Found a blossoming altar of Fedhas.
  2415 | D:2      | Found a snail-covered altar of Cheibriados.
  2419 | D:2      | Reached XP level 4. HP: 23/24 MP: 7/12
  2435 | D:2      | Found a burning altar of Makhleb.
  2440 | D:2      | Found a radiant altar of Vehumet.
  2447 | D:2      | Found a hazy altar of Hepliaklqana.
  2452 | D:2      | Found an ancient bone altar of Kikubaaqudgha.
  2462 | D:2      | Became a worshipper of Vehumet
  2710 | D:3      | Reached skill level 5 in Spellcasting
  2922 | D:3      | Reached XP level 5. HP: 28/28 MP: 9/15
  2954 | D:2      | Learned a level 4 spell: Iskenderun's Mystic Blast
  4511 | D:4      | Noticed Sigmund
  4552 | D:4      | Slain by Sigmund

Skill      XL: |  1  2  3  4  5 |
---------------+----------------+-----
Spellcasting   | 4 5 6 |  6.5
Conjurations   | 5 6 |  6.2
Dodging        | |  2.4
Stealth        | |  2.4

Action                   |  1- 3 |  4- 6 || total
-------------------------+-------+-------++-------
Melee: Dagger            |       |     2 ||     2
 Cast: Magic Dart        |    73 |    42 ||   115
       Searing Ray       |     6 |     4 ||    10
       Iskenderun's Myst |       |    16 ||    16
  Eat: Chunk             |     3 |    10 ||    13
Armor: Robe              |     3 |     4 ||     7
Dodge: Dodged            |    16 |    13 ||    29
